 Dungeon Crawl Stone Soup version 0.29.1-14-g9c671dbff4 (webtiles) character file.

Game seed: 11229159472075185217

161 MacCMillion the Changer (level 5, 0/41 HPs)
             Began as a Draconian Transmuter on Feb 16, 2023.
             Slain by a gnoll
             ... wielding a +0 halberd
              (6 damage)
             ... on level 3 of the Dungeon.
             The game lasted 00:04:44 (3469 turns).

MacCMillion the Changer (Draconian Transmuter)      Turns: 3469, Time: 00:04:45

Health: 0/41       AC:  5    Str: 12    XL:     5   Next: 18%
Magic:  8/8        EV: 12    Int: 15    God:
Gold:   71         SH:  0    Dex: 12    Spells: 3/8 levels left

rFire   . . .      SeeInvis .     - Unarmed
rCold   . . .      Faith    .   (no shield)
rNeg    . . .      Spirit   .   (body armour unavailable)
rPois   .          Reflect  .   (helmet currently unavailable)
rElec   .          Harm     .   (no cloak)
rCorr   .          Rampage  .   (no gloves)
Will    .....                   (boots currently unavailable)
Stlth   +.........              (no amulet)
HPRegen 0.13/turn               (no ring)
MPRegen 0.11/turn               (no ring)

@: appendages
A: horns 2, talons 2, AC +5, unfitting armour, cold-blooded
a: End Transformation


You were on level 3 of the Dungeon.
You had temporarily grown beastly horns and talons.
You visited 1 branch of the dungeon, and saw 4 of its levels.

You collected 71 gold pieces.

Inventory:

Wands
 j - a wand of digging (5)
 n - a wand of charming (10)
Scrolls
 d - a scroll of enchant armour {unknown}
 e - a scroll of teleportation
 f - 2 scrolls of enchant weapon {unknown}
 i - 3 scrolls of fear
 k - a scroll of summoning {unknown}
 l - a scroll of noise
 m - a scroll of poison {unknown}
Potions
 a - 2 potions of lignification
 b - a potion of heal wounds
 c - a potion of might {unknown}
 g - 2 potions of resistance
 h - a potion of brilliance
 o - a potion of mutation {unknown}


   Skills:
 - Level 2.0 Fighting
 - Level 1.7 Dodging
 + Level 3.9 Unarmed Combat
 - Level 2.0 Spellcasting
 * Level 4.1 Transmutations
 + Level 1.4 Ice Magic


You had 3 spell levels left.
You knew the following spells:

 Your Spells              Type           Power      Damage    Failure   Level
a - Beastly Appendage     Tmut           28%        N/A       4%          1
b - Ice Form              Ice/Tmut       9%         N/A       56%         4

Your spell library contained the following spells:

 Spells                   Type           Power      Damage    Failure   Level
 Wereblood                Tmut           14%        N/A       6%          2
 Apportation              Tloc           2%         N/A       22%         1
 Spider Form              Tmut/Pois      7%         N/A       28%         3
 Alistair's Intoxication  Tmut/Pois      4%         N/A       95%         5


Dungeon Overview and Level Annotations

Branches:
Dungeon (4/15)
 Temple: D:4-7

Altars:


Innate Abilities, Weirdness & Mutations

You have temporarily grown beastly horns and talons.
Your plain brown scales are hard. (AC +5)
You cannot fit into any form of body armour.
You are cold-blooded and may be slowed by cold attacks.


Message History

You climb downwards.
Found two stone staircases leading down.
There is a stone staircase leading up here.
The goblin shouts!
You climb upwards.
There is a stone staircase leading down here.
You grow a pair of large bovine horns.
Your feet morph into talons.
A gnoll comes into view. It is wielding a +0 halberd.
The gnoll barely misses you.
You closely miss the gnoll. You claw the gnoll. You headbutt the gnoll.
You tail-slap the gnoll.
The gnoll is severely wounded.
The gnoll closely misses you. The gnoll barely misses you.
You barely miss the gnoll.
The gnoll shouts!
You headbutt the gnoll.
You kill the gnoll!
The gnoll hits you from afar with a +0 halberd. x2
The gnoll barely misses you. The gnoll misses you.
There is an open door here.
Things that are here:
a +0 long sword; a gnoll corpse You hit the gnoll but do no damage.
The gnoll hits you with a +0 halberd! x2
* * * LOW HITPOINT WARNING * * *
You are too injured to fight recklessly!
You are too injured to fight recklessly!
You barely miss the gnoll. Your kick misses the gnoll. You tail-slap the gnoll.
The gnoll is lightly wounded.
The gnoll barely misses you. The gnoll misses you.
You closely miss the gnoll. You headbutt the gnoll! You tail-slap the gnoll.
You kill the gnoll!
The gnoll hits you with a +0 halberd!
* * * LOW HITPOINT WARNING * * *
The gnoll barely misses you.
Things that are here:
a +0 halberd; 3 scrolls of identify You hit the gnoll.
Your tail-slap misses the gnoll.
The gnoll is lightly wounded.
The gnoll hits you with a +0 halberd.
You die...

..<#.###.......######.#.# ####.
..##.###....#### #...# #....
........).#.# ###.#####.##.
##.......##.######### #.....#.#..
...#........#.......# #####......
.#.#..#.........(...# #.......#
.#.......#..........#####.....(.#
.#######.#......g#####..'.......#
......##.#....).@).#...##......##
......'..#.......#.#.####....†.#
......############.>.# #......##
####.)...............# #........
########..........# #........
#..........# #######..
#######'######'#### #..
#........#........# #..
#......†.#........# #..


You could see a gnoll.

Vanquished Creatures
  Ijyb (D:3)
  5 adders
  2 gnolls (D:3)
  4 worms
  2 dart slugs
  3 orcs
  6 bats
  4 endoplasms
  4 giant cockroaches
  6 hobgoblins
  2 quokkas
  5 ball pythons
  A frilled lizard (D:2)
  3 goblins
  7 kobolds
  3 rats
58 creatures vanquished.

Notes
Turn   | Place    | Note
-------+----------+-------------------------------------------
     0 | D:1      | MacCMillion the Draconian Transmuter began the quest for
                  | the Orb.
     0 | D:1      | Reached XP level 1. HP: 16/16 MP: 3/3
   387 | D:1      | Reached XP level 2. HP: 23/23 MP: 3/5
  1062 | D:2      | Reached XP level 3. HP: 23/29 MP: 4/6
  1161 | D:2      | Reached skill level 3 in Transmutations
  1585 | D:2      | Reached XP level 4. HP: 36/36 MP: 5/7
  2362 | D:3      | Noticed Ijyb
  2369 | D:3      | Found a faded altar of an unknown god.
  2380 | D:3      | Killed Ijyb
  2381 | D:3      | Reached skill level 1 in Ice Magic
  3162 | D:3      | Reached skill level 4 in Transmutations
  3162 | D:3      | Reached XP level 5. HP: 35/41 MP: 6/8
  3235 | D:3      | Learned a level 4 spell: Ice Form
  3368 | D:4      | Noticed an ogre
  3469 | D:3      | Slain by a gnoll

Illustrated notes

Levels and vault maps discovered:
D:1:      tarquinn_simple_flora_water_c, layout_basic, st_stairs_8,
          minmay_misc_feat_chi, fountainhead, minmay_misc_feat_doors
D:2:      layout_loops_ring
D:3:      layout_basic, shapermc_ecumenical_altar_pompeii, uniq_ijyb
D:4:      layout_layer_cave, minmay_temple_entry_purple_smoke,
          minmay_manual_mail

Skill      XL: |  1  2  3  4 |
---------------+-------------+-----
Transmutations | 3 4 |  4.1
Fighting       | 2 |  2.0
Ice Magic      | 1 |  1.4
Dodging        | |  1.7
Unarmed Combat | |  3.9
Spellcasting   | |  2.0

Action                   |  1- 3 |  4- 6 || total
-------------------------+-------+-------++-------
Melee: Unarmed           |    96 |    64 ||   160
       Kick              |    19 |    13 ||    32
       Tailslap          |     8 |     7 ||    15
       Headbutt          |    14 |    10 ||    24
       Punch             |       |     2 ||     2
 Cast: Beastly Appendage |    27 |    22 ||    49
  Use: Scroll            |       |     6 ||     6
Armor: Skin              |    28 |    29 ||    57
Dodge: Dodged            |    72 |    54 ||   126
